 Dungeon Crawl Stone Soup version 0.31-a0-1612-g4aaf141 (webtiles) character file.

Game seed: 15659385812947057109

228 PidgeyThePirate the Chopper (level 5, -2/36 HPs)
             Began as a Demonspawn Chaos Knight on Jan 8, 2024.
             Was a Plaything of Xom.
             Slain by Blork the orc
             ... wielding a +0 glaive
              (6 damage)
             ... on level 4 of the Dungeon.
             The game lasted 00:07:56 (2899 turns).

PidgeyThePirate the Chopper (DsCK)                  Turns: 2899, Time: 00:07:56

Health: -2/36      AC:  5    Str: 11 (12) XL:     5   Next: 71%
Magic:  5/5        EV: 11    Int: 21      God:    Xom [....*.]
Gold:   151        SH:  0    Dex:  8      Spells: 4/4 levels left

rFire   . . .        a - +0 hand axe (chaos)
rCold   + . .        (no shield)
rNeg    . . .        b - +2 leather armour
rPois   .            (no helmet)
rElec   .            h - scarf {+Inv}
rCorr   .            (gloves unavailable)
SInv    .            (no boots)
Will    .....        (no amulet)
Stlth   +            g - ring of protection from cold
HPRegen 0.26/turn    (no ring)
MPRegen 0.09/turn

%: no passive effects
@: no status effects
A: claws 3, weakness stinger 1, clever 2, clumsy 1, frail 1, evolution 1
a: Renounce Religion, Evoke Invisibility


You were on level 4 of the Dungeon.
You worshipped Xom.
You were a beloved toy of Xom.
You visited 1 branch of the dungeon, and saw 4 of its levels.

You collected 151 gold pieces.

Inventory:

Hand Weapons
 a - a +0 hand axe of chaos (weapon)
Armour
 b - a +2 leather armour (worn)
 h - a scarf of invisibility (worn)
 l - a +1 pair of gloves
Jewellery
 g - a ring of protection from cold (left claw)
Scrolls
 d - a scroll of blinking
 e - a scroll of torment {unknown}
 f - a scroll of immolation {unknown}
 i - a scroll of teleportation
 j - a scroll of vulnerability {unknown}
 k - a scroll of fear {unknown}


   Skills:
 + Level 3.5 Fighting
 - Level 4.2 Axes
 + Level 3.2 Armour
 + Level 2.1 Dodging
 + Level 0.4 Stealth


You had 4 spell levels left.
You didn't know any spells.
Your spell library contained the following spells:

 Spells                   Type           Power      Damage    Failure   Level
 Sandblast                Erth           0%         2d4       22%         1
 Ensorcelled Hibernation  Hex/Ice        0%         N/A       34%         2
 Fugue of the Fallen      Necr           0%         N/A       56%         3
 Passwall                 Erth           0%         N/A       56%         3
 Stone Arrow              Conj/Erth      0%         3d7       56%         3
 Anguish                  Hex/Necr       0%         N/A       92%         4
 Brom's Barrelling Bould  Conj/Erth      0%         2d3       92%         4


Dungeon Overview and Level Annotations

Branches:
Dungeon (4/15)
 Temple: D:4-7

Altars:
Nemelex Xobeh
Xom

Shops:
D:2 =*   D:3 [

Annotations:
D:4 Blork the orc


Innate Abilities, Weirdness & Mutations

You have claws for hands.
You have a small tail.
Your mind is very acute. (Int +8, Str/Dex -2)
You are clumsy. (Dex -2)
You are frail. (-10% HP)
You have hidden genetic potential.


Message History

Blork the orc is moderately wounded.
The bombardier beetle sprays incendiary fluid at you.
The burning spray hits you.
You are covered in liquid fire!
Blork the orc points at you and mumbles some strange words.
The puff of flame hits you!
You hit Blork the orc but do no damage. You tail-slap Blork the orc.
Blork the orc is moderately wounded.
The liquid fire burns you!
Blork the orc hits you with a +0 glaive!
* * * LOW HITPOINT WARNING * * *
You feel better. The liquid fire burns you!
Blork the orc hits you with a +0 glaive.
* * * LOW HITPOINT WARNING * * *
You shake off some of the fire as you move.
The liquid fire burns you!
* * * LOW HITPOINT WARNING * * *
Blork the orc casts a spell.
Blork the orc seems to speed up.
Found a scroll of teleportation.
Found a stone staircase leading up.
You shake off some of the fire as you move.
The liquid fire burns you!
* * * LOW HITPOINT WARNING * * *
You shake off the liquid fire.
Blork the orc screams, "I'll eat your brain!
And then I'll vomit it back up!"
Blork the orc attacks as he pursues you!
Blork the orc barely misses you. Blork the orc closely misses you.
You aren't carrying any potions.
Blink to where?
Press: ? - help, Dir - move target
As you read the scroll labelled DAUFOOG CASEI, it crumbles to dust.
It was a scroll of blinking. "This is how I like it!"
You swap places with Blork the orc.
Some monsters swap places.
You are now a beloved toy of Xom.
Blork the orc completely misses you.
Blork the orc hits you with a +0 glaive.
You die...
Xom giggles madly!

#.#.###.#########.#
#.......'....^+(#.#
#.......#########.#
#.....#.#^^^^^#...######
#.....#†#.#.#.#.........
#.#...B.#######.........
#.#####.................
#.# ##.....o..........
#.# #....@...........
#.# #................
#.# #..§.........>...
#.# #................
#.# #............... #.#
#............... #.#
#............. #.#
#......?....< #.#
############


You could see Blork the orc (fast, poisoned) and a bombardier beetle.

Vanquished Creatures
  A sky beast (D:4)
  2 adders
  2 dart slugs
  A ribbon worm (D:3)
  An orc (D:2)
  A bat (D:3)
  4 endoplasms
  2 giant cockroaches (D:1)
  14 goblins
  4 hobgoblins
  A jackal (D:3)
  A quokka (D:2)
  7 ball pythons
  3 frilled lizards
  A kobold (D:2)
  5 rats
50 creatures vanquished.

Vanquished Creatures (collateral kills)
  An orc priest (D:3)
  An orc wizard (D:3)
  An orc (D:3)
  A goblin (D:3)
  A hobgoblin (D:3)
  A quokka (D:3)
  A bat (D:3)
7 creatures vanquished.

Grand Total: 57 creatures vanquished

Notes
Turn   | Place    | Note
-------+----------+-------------------------------------------
     0 | D:1      | PidgeyThePirate the Demonspawn Chaos Knight began the quest
                  | for the Orb.
     0 | D:1      | Reached XP level 1. HP: 18/18 MP: 1/1
    27 | D:1      | XOM: divination: magic mapping
   104 | D:1      | XOM: potion effect (brilliance)
   152 | D:1      | XOM: silly message
   158 | D:1      | Reached skill level 3 in Axes
   200 | D:1      | XOM: silly message
   203 | D:1      | XOM: divination: detect items
   242 | D:1      | Discovered your monstrous ancestry.
   242 | D:1      | Gained mutation: You have a small tail. [demonic ancestry]
   242 | D:1      | Reached XP level 2. HP: 16/24 MP: 2/2
   295 | D:1      | XOM: scenery: create altars
   372 | D:1      | XOM: god gift: scroll labelled LUYKKUGISI {god gift}
   408 | D:1      | Found a faded altar of an unknown god.
   589 | D:1      | You fall into a shaft and drop 1 floor!
   596 | D:2      | Found a sparkling altar of Nemelex Xobeh.
   614 | D:2      | Found Nibesuji's Jewellery Boutique.
   614 | D:2      | XOM: 4-stop teleportation journey
   685 | D:2      | XOM: give mutations
   685 | D:2      | Gained mutation: You passively dampen the noise of your
                  | surroundings. [Xom's mischief]
   685 | D:2      | Gained mutation: Your mind is acute. (Int +4, Str/Dex -1)
                  | [Xom's mischief]
   685 | D:2      | Gained mutation: Your mind is very acute. (Int +8, Str/Dex
                  | -2) [Xom's mischief]
   685 | D:2      | Gained mutation: You have hidden genetic defects. [Xom's
                  | mischief]
   827 | D:2      | Reached skill level 1 in Dodging
   846 | D:1      | XOM: give mutations
   846 | D:1      | Gained mutation: Your spells are a little harder to cast,
                  | but a little more powerful. [Xom's grace]
   846 | D:1      | Gained mutation: Your muscles are strong. (Str +4, Int/Dex
                  | -1) [Xom's grace]
   875 | D:1      | Lost mutation: Your muscles are strong. (Str +4, Int/Dex
                  | -1) [hidden defects]
   968 | D:1      | XOM: god gift: ring mail {god gift}
  1138 | D:1      | XOM: scenery: summon butterflies
  1317 | D:2      | Gained mutation: You are clumsy. (Dex -2) [hidden defects]
  1317 | D:2      | Lost mutation: You have hidden genetic defects. [hidden
                  | defects expressed]
  1363 | D:2      | XOM: fog
  1366 | D:2      | XOM: scenery: 2 doors open
  1380 | D:2      | Gained mutation: You have sharp fingernails. [demonic
                  | ancestry]
  1380 | D:2      | Reached XP level 3. HP: 14/29 MP: 3/3
  1443 | D:2      | XOM: noise
  1598 | D:2      | XOM: noise
  1651 | D:2      | Found Uli Isch's Assorted Antiques.
  1768 | D:2      | XOM: silly message
  1791 | D:2      | XOM: god gift: 21 gold pieces
  1852 | D:2      | XOM: noise
  2021 | D:3      | Found Feugac's Antique Armour Emporium.
  2026 | D:3      | XOM: 2-stop teleportation journey
  2032 | D:3      | Noticed Robin
  2050 | D:3      | Robin changed into Robin the jackal
  2050 | D:3      | Noticed Robin
  2050 | D:3      | XOM: polymorph Robin -> Robin the jackal
  2057 | D:3      | Killed Robin the jackal
  2179 | D:3      | Reached XP level 4. HP: 35/35 MP: 4/4
  2259 | D:3      | XOM: noise
  2263 | D:3      | XOM: give mutations
  2263 | D:3      | Gained mutation: You are frail. (-10% HP) [Xom's mischief]
  2263 | D:3      | Gained mutation: You have hidden genetic potential. [Xom's
                  | mischief]
  2263 | D:3      | Lost mutation: You passively dampen the noise of your
                  | surroundings. [Xom's mischief]
  2392 | D:3      | XOM: give mutation
  2392 | D:3      | Lost mutation: Your spells are a little harder to cast, but
                  | a little more powerful. [Xom's mischief]
  2701 | D:4      | Noticed a sky beast
  2712 | D:4      | XOM: confusion
  2724 | D:4      | Killed a sky beast
  2725 | D:4      | Reached skill level 4 in Axes
  2725 | D:4      | Gained mutation: You have very sharp fingernails. [demonic
                  | ancestry]
  2725 | D:4      | Reached XP level 5. HP: 14/36 MP: 5/5
  2733 | D:4      | Gained mutation: You have claws for hands. [hidden
                  | potential]
  2882 | D:4      | Noticed Blork the orc
  2899 | D:4      | XOM: swap monsters
  2899 | D:4      | Slain by Blork the orc

Illustrated notes

Levels and vault maps discovered:
D:1:      scummos_arrival_checkerplants, layout_basic,
          shapermc_ecumenical_altar_mp_highgroup, dreamdust_princess_corridor
D:2:      layout_basic, serial_shops, shop, shop, basic_altar,
          serial_park_tiny_pond, kennysheep_generic_room_4
D:3:      layout_rooms, elyvilon_altar_3, serial_shops, nicolae_shop_trees,
          uniq_robin
D:4:      layout_basic, lemuel_mausoleum_altar_yredelemnul,
          minmay_temple_entry_sparse_star, grunt_tough_drop, uniq_blork_the_orc

Skill      XL: |  1  2  3  4 |
---------------+-------------+-----
Axes           | 3 4 |  4.2
Dodging        | 1 2 |  2.1
Armour         | 2 3 |  3.2
Fighting       | |  3.5
Stealth        | |  0.4

Action                     |  1- 3 |  4- 6 || total
---------------------------+-------+-------++-------
  Melee: Hand axe          |   109 |    48 ||   157
         Tailslap          |     3 |     3 ||     6
         Punch             |     2 |     1 ||     3
         Unarmed           |       |     3 ||     3
    Use: Potion            |     3 |     3 ||     6
         Scroll            |     3 |     1 ||     4
 Armour: Leather armour    |    87 |    47 ||   134
  Dodge: Dodged            |    63 |    51 ||   114

Table legend: (Time is in decaauts)
 A = Elapsed time spent in this place.
 B = Non-inter-level travel time spent in this place.
 C = Inter-level travel time spent in this place.
 D = Time resting spent in this place.
 E = Time spent auto-exploring this place.
 F = Levels seen in this place.
 G = Mean time per level.
                   A        B        C        D        E       F      G
               +--------+--------+--------+--------+--------+-----+--------+
         Total |   2902 |   2618 |    284 |      0 |   1999 |   4 |  725.5 |
       Dungeon |   2902 |   2618 |    284 |      0 |   1999 |   4 |  725.5 |
               +--------+--------+--------+--------+--------+-----+--------+

Top non-repeatable levels by time:
     D:2: 1116 daAuts
     D:1: 916 daAuts
     D:3: 653 daAuts
     D:4: 216 daAuts
